Cool Beans, neutral male human Tourist --- --.-- --...--- ----......---- --............-- |.......|......| --......%|.--..-- |......(<).|---- ----------........-- . ...................| ..-.----..-------.....| .......|-..--- --...-- .....-.|.....| ----- ....@Z.......- - ----........ |........ |....|.. |...--- Cool Beans the Excursionist Experience level: 7 Strength: 16 Dexterity: 11 Constitution: 16 Intelligence: 13 Wisdom: 8 Charisma: 13 Health: 0(59) Energy: 27(27) Def: 7 Gold: 263 Moves: 3045 Dungeon seed: dqhgjJruAJaimJsi Game ID: Cool Beans_1518006747 Your Inventory: Coins $ - 263 gold pieces Weapons b - an uncursed +0 elven dagger (in quiver) h - 3 uncursed +0 daggers of stealth (wielded) T - 3 uncursed +0 daggers V - a blessed +0 aklys Armor e - an uncursed +0 Hawaiian shirt (being worn) m - an uncursed +1 pair of iron shoes (being worn) r - an uncursed +0 leather armor (being worn) x - a cursed -1 mummy wrapping Y - an uncursed +0 dwarvish iron helm of cold immunity (being worn) Comestibles c - 8 uncursed food rations g - an uncursed cram ration L - an uncursed food ration O - an uncursed carrot Scrolls i - 3 uncursed scrolls of magic mapping j - a blessed scroll of magic mapping Potions v - a potion of unholy water S - a cursed potion of confusion Rings u - an uncursed ring of sustain ability z - an uncursed ring of conflict A - an uncursed ring of slow digestion (on left hand) B - an uncursed ring of protection from shape changers Tools k - an uncursed credit card l - an uncursed expensive camera (0:47) n - an uncursed magic marker (0:0) o - an uncursed tin opener p - an uncursed towel w - an uncursed lock pick E - an uncursed can of grease (0:7) N - an uncursed bag of tricks (0:6) U - a blessed brass lantern (lit) (0:1179) Gems a - an uncursed citrine stone d - 2 uncursed worthless pieces of yellowish brown glass f - an uncursed worthless piece of white glass q - an uncursed worthless piece of yellow glass y - an uncursed luckstone named Luckstone? P - an uncursed worthless piece of green glass Spells and supernatural/magical abilities: Name Level Category Fail Memory S - stone to flesh 3 healing 100% 98% W - pray for help -- divine ? -- Your skills at the end: Fighting Skills wands [Basic] Weapon Skills dagger [Skilled] dart [Basic] Spellcasting Skills Final Attributes: You were immune to cold. You were stealthy. You had slower digestion. You were lucky. You had extra luck. Bad luck did not time out for you. Good luck did not time out for you. You are dead. Vanquished creatures: a large mimic a quantum mechanic a shocking sphere a giant spider a gnome king an orc mummy a blue jelly a gnome mummy a soldier ant a rock piercer 3 shriekers 3 violet fungi 5 gnome lords 2 gnomish wizards a straw golem a little dog a floating eye 2 kittens 7 dwarves 2 homunculi a kobold shaman 2 hill orcs 2 rabid rats 2 giant bats an orc zombie a dwarf zombie 4 iguanas a coyote a gas spore 3 hobbits a large kobold a hobgoblin a giant rat 3 cave spiders a brown mold a green mold 27 gnomes 3 gnome zombies 2 geckos 2 jackals 2 foxes 2 kobolds a goblin 9 grid bugs a bat 5 lichens 117 creatures vanquished. Voluntary challenges: You had been an atheist until turn 2513. You used a wielded weapon 115 times, starting on turn 1067. You read items or engraved 8 times, starting on turn 1507. You never genocided any monsters. You never polymorphed an object. You never changed form. You used no wishes. You never split a pudding. You wrote Elbereth's name 2 times, starting on turn 1641. You violated your moral code, losing 39 points of alignment, starting on turn 819. Dungeon overview: The Dungeons of Doom: levels 1 to 4 Level 1 a fountain a long staircase Level 2 a jewelry store Level 3 Level 4 a general store stairs to The Gnomish Mines The Gnomish Mines: levels 5 to 9 Level 5 stairs to The Dungeons of Doom Level 6 Level 7 Level 8 many shops, a temple to Blind Io, some fountains Level 9 <- You were here History has recorded: On T:1 you entered the Dungeons of Doom to retrieve the Amulet of Yendor! On T:258 you reached level 2 of The Dungeons of Doom. On T:714 you reached level 3 of The Dungeons of Doom. On T:819 you advanced to experience level 2. On T:819 you advanced to experience level 3. On T:1029 you advanced to experience level 4. On T:1137 you reached level 4 of The Dungeons of Doom. On T:1470 you advanced to experience level 5. On T:1565 you reached level 1 of The Gnomish Mines. On T:1864 you reached level 2 of The Gnomish Mines. On T:1882 you advanced to experience level 6. On T:2216 you reached level 3 of The Gnomish Mines. On T:2227 you reached level 4 of The Gnomish Mines. On T:2722 you advanced to experience level 7. On T:2965 you reached level 5 of The Gnomish Mines. Score breakdown: Gold: 140 ( 7310 points) Experience: 7 levels (13645 points) Exploration: 9 levels ( 19.15%) (12510 points) Discoveries: 41 items ( 13.58%) (11053 points) Valuables value: (no points given unless you survive) Artifact value: 0 ( 0 points) Variety of kills: 46 monsters ( 12.11%) (10437 points) Turncount: 3045 turns ( -621 points) Survival: died (score multiplied by 80%) Total score: 43467 Latest messages: Never mind. You take off your ring of protection from shape changers. You hear some noises in the distance. You have successfully appraised this weapon's enchantment. The runed dagger hits the giant zombie. The giant zombie hits! You attain a minor zombification disease. You hit the giant zombie. The giant zombie hits! Your zombification disease builds up. You hit the giant zombie! The giant zombie hits! Your zombification disease builds up. You hit the giant zombie. The giant zombie hits! Your zombification disease builds up. You die... Your body rises from the dead as a human zombie... Final status: Aloha Cool Beans the Tourist, killed by a giant zombie... You died in The Gnomish Mines on dungeon level 9 with 43467 points, and 263 pieces of gold, after 3045 moves. You were level 7 with a maximum of 59 hit points when you died.